 Dungeon Crawl Stone Soup version 0.22-a0-533-g4d20840 (console) character file.

42 Goblin1989 the Firebug (level 3, -4/21 HPs)
             Began as an Octopode Fire Elementalist on June 22, 2018.
             Slain by a gnoll
             ... wielding a +0 spear
              (8 damage)
             ... on level 2 of the Dungeon.
             The game lasted 00:04:25 (1927 turns).

Goblin1989 the Firebug (Octopode Fire Elementalist) Turns: 1927, Time: 00:04:26

Health: -4/21      AC:  1    Str:  7    XL:     3   Next: 56%
Magic:  0/6        EV: 13    Int: 18    God:
Gold:   11         SH:  0    Dex: 12    Spells: 5/6 levels left

rFire    . . .     SeeInvis .   u - +0 short sword
rCold    . . .     Gourm    .   (no shield)
rNeg     . . .     Faith    .   (helmet restricted)
rPois    .         Spirit   .   (no amulet)
rElec    .         Reflect  .   (no ring)
rCorr    .         Harm     .   (no ring)
MR       .....                  (no ring)
Stlth    +++.......             (no ring)
HPRegen  0.07/turn              (no ring)
MPRegen  0.10/turn              (no ring)
                                (no ring)
                                (no ring)

@: very slightly contaminated
A: almost no armour, stealthy swim, amphibious, 8 rings, constrict 8, camouflage
1, gelatinous body 1
a: no special abilities


You were on level 2 of the Dungeon.
You were hungry.

You visited 1 branch of the dungeon, and saw 2 of its levels.

You collected 11 gold pieces.

Inventory:

Hand Weapons
 u - a +0 short sword (weapon)
Missiles
 f - 59 stones (quivered) {@Q3}
 q - 4 tomahawks
 t - 17 bolts
Scrolls
 g - a scroll of teleportation {unknown}
 l - 3 scrolls of identify {unknown}
 o - a scroll of enchant weapon {unknown}
 p - a scroll of random uselessness {unknown}
 s - a scroll of fog {unknown}
Potions
 h - a potion of resistance {unknown}
 j - a potion of magic {unknown}
 k - 2 potions of curing {unknown}
 m - a potion of degeneration {unknown}
 n - 3 potions of heal wounds {unknown}
 w - a potion of cancellation {unknown}
Comestibles
 e - 2 rations
 v - 4 chunks of flesh


   Skills:
 - Level 2.0 Dodging
 - Level 2.6 Stealth
 + Level 2.3 Spellcasting
 * Level 2.2 Conjurations
 * Level 3.6 Fire Magic


You had 5 spell levels left.
You knew the following spells:

 Your Spells              Type           Power        Failure   Level  Hunger
a - Flame Tongue          Conj/Fire      ##...        5%          1    #......

Your spell library contained the following spells:

 Spells                   Type           Power        Failure   Level  Hunger
 Fireball                 Conj/Fire      ##........   82%         5    ######.
 Conjure Flame            Conj/Fire      ##......     16%         3    ###....
 Throw Flame              Conj/Fire      ##....       8%          2    ##.....
 Sticky Flame             Conj/Fire      ##......     45%         4    #####..
 Inner Flame              Hex/Fire       #.......     26%         3    ###....


Dungeon Overview and Level Annotations

Branches:
Dungeon (2/15)

Altars:


Innate Abilities, Weirdness & Mutations

You cannot wear most types of armour.
You are very stealthy in the water. (Stealth+)
You are amphibious.
You can wear up to eight rings at the same time.
You can use your tentacles to constrict eight enemies at once.
Your skin changes colour to match your surroundings (Stealth+).
Your rubbery body absorbs attacks. (AC +1, EV +1)


Message History

The flame tongue hits the gnoll.
You kill the gnoll!
You now have 1/6 mp.
Unknown command.
Things that are here:
a club; a gnoll corpse You butcher the gnoll corpse.
v - 7 chunks of flesh (gained 4)
You see here a club.
There is a stone staircase leading up here.
(D) Dungeon
Where to? (Enter - D:2 @ (x,y), ? - help) You're already here!
Unknown command.
You climb upwards.
There is a stone staircase leading down here.
You start resting.
Magic restored.
Some of the chunks of flesh in your inventory have rotted away. x2
HP restored.
Health restored: 21; MP restored: 6 Unknown command.
You climb downwards.
There is a stone staircase leading up here.
An ice beast comes into view.
An ice beast is nearby!
Casting: Flame Tongue (safe; 5% risk of failure)
Confirm with . or Enter, or press ? or * to list all spells.
You can't see any susceptible monsters within range! (Use Z to cast anyway.) Unknown command.
Found an escape hatch in the ceiling.
Casting: Flame Tongue (safe; 5% risk of failure)
Confirm with . or Enter, or press ? or * to list all spells.
Aiming: Flame Tongue (safe; 5% risk of failure)
Press: ? - help, Shift-Dir - straight line, f - ice beast
Aim: an ice beast (resting)
The flame tongue hits the ice beast.
The ice beast melts!
The ice beast is heavily wounded.
You now have 5/6 mp.
Casting: Flame Tongue (safe; 5% risk of failure)
Confirm with . or Enter, or press ? or * to list all spells.
Aiming: Flame Tongue (safe; 5% risk of failure)
Press: ? - help, Shift-Dir - straight line, f/p - ice beast
Aim: an ice beast (heavily wounded)
The flame tongue hits the ice beast.
The ice beast melts!
The ice beast is severely wounded.
You now have 4/6 mp.
Casting: Flame Tongue (safe; 5% risk of failure)
Confirm with . or Enter, or press ? or * to list all spells.
Aiming: Flame Tongue (safe; 5% risk of failure)
Press: ? - help, Shift-Dir - straight line, f/p - ice beast
Aim: an ice beast (severely wounded)
The flame tongue hits the ice beast.
The ice beast appears unharmed.
The ice beast is severely wounded.
The ice beast misses you.
You now have 3/6 mp.
Casting: Flame Tongue (safe; 5% risk of failure)
Confirm with . or Enter, or press ? or * to list all spells.
Aiming: Flame Tongue (safe; 5% risk of failure)
Press: ? - help, Shift-Dir - straight line, f/p - ice beast
Aim: an ice beast (severely wounded)
The flame tongue hits the ice beast.
The ice beast appears unharmed.
The ice beast is severely wounded.
You are feeling hungry.
The ice beast hits you. The ice beast freezes you!
Ouch! That really hurt!
* * * LOW HITPOINT WARNING * * *
You take 17 damage, and have 4/21 hp.
MASSIVE DAMAGE!!
You now have 2/6 mp.
Casting: Flame Tongue (safe; 5% risk of failure)
Confirm with . or Enter, or press ? or * to list all spells.
Aiming: Flame Tongue (safe; 5% risk of failure)
Press: ? - help, Shift-Dir - straight line, f/p - ice beast
Aim: an ice beast (severely wounded)
You miscast Flame Tongue.
You are very lightly contaminated with residual magic.
The air around you burns with energy! The ice beast barely misses you.
You now have 1/6 mp.
Casting: Flame Tongue (safe; 5% risk of failure)
Confirm with . or Enter, or press ? or * to list all spells.
Aiming: Flame Tongue (safe; 5% risk of failure)
Press: ? - help, Shift-Dir - straight line, f/p - ice beast
Aim: an ice beast (severely wounded)
The flame tongue hits the ice beast.
The ice beast appears unharmed.
The ice beast is severely wounded.
The ice beast closely misses you.
Unknown command.
You see here a quarterstaff.
Casting: Flame Tongue (safe; 5% risk of failure)
Confirm with . or Enter, or press ? or * to list all spells.
Aiming: Flame Tongue (safe; 5% risk of failure)
Press: ? - help, Shift-Dir - straight line, f/p - ice beast
Aim: an ice beast (severely wounded)
The flame tongue hits the ice beast.
The ice beast melts!
The ice beast is severely wounded.
The ice beast closely misses you.
You now have 0/6 mp.
Unknown command.
The gnoll shouts!
You hear a shout!
The gnoll hits you with a spear!
You die...

█........ █.████$..
█.█ █... █.█ █..
██.██████████..
█.)............
█.Y.██████.██.█
█...█ █.██.█
█.@.██████.██.█
█.g.██......█.█████
█...██.███.[.......
██.................<
█.......███........█
█.█████.███.██.██..█
█.█ █..g██.██.██..█
█.█ █.█.......██..█
█.█ █...██.█████..█


You could see an ice beast and 2 gnolls.

Vanquished Creatures
  A gnoll (D:2)
  An adder (D:2)
  A dart slug (D:1)
  A leopard gecko (D:2)
  2 bats (D:1)
  2 giant cockroaches
  3 hobgoblins (D:2)
  4 frilled lizards
  3 goblins (D:1)
  2 kobolds (D:1)
  2 rats
22 creatures vanquished.

Notes
Turn   | Place    | Note
-------+----------+-------------------------------------------
     0 | D:1      | Goblin1989 the Octopode Fire Elementalist began the quest for the Orb.
     0 | D:1      | Reached XP level 1. HP: 11/11 MP: 3/3
   495 | D:1      | Reached XP level 2. HP: 2/17 MP: 1/5
  1537 | D:2      | Reached XP level 3. HP: 12/21 MP: 0/6
  1908 | D:2      | Noticed an ice beast
  1927 | D:2      | Slain by a gnoll

Vault maps used:
D:1:      dpeg_arrival_erosion, serial_bayou_ford_a, minivault_11, st_stairs_4,
          hangedman_decor_clover_reticule
D:2:      gammafunk_temple_overflow_claw

Skill      XL: |  1  2 |
---------------+-------+-----
Conjurations   | 2 |  2.2
Dodging        | |  2.0
Stealth        | |  2.6
Spellcasting   | |  2.3
Fire Magic     | |  3.6

Action                   || total
-------------------------++-------
Melee: Unarmed           ||     1
 Cast: Flame Tongue      ||    48
  Eat: Chunk             ||     3
Armor: Skin              ||     1
Dodge: Dodged            ||    18

Table legend:
 A = Spawn XP
 B = Non-spawn XP
 C = Spawn XP percentage of total XP
 D = Spawn monster count
 E = Non-spawn monster count
 F = Spawn count percentage of total count
 G = Total turns spent on level
                    A         B        C        D         E        F      G
               +---------+---------+-------+---------+---------+-------+---------
         Total |       0 |      61 |   0.0 |       0 |      22 |   0.0 |  1927
               +---------+---------+-------+---------+---------+-------+---------
           D:1 |       0 |      21 |   0.0 |       0 |      13 |   0.0 |  1469
           D:2 |       0 |      40 |   0.0 |       0 |       9 |   0.0 |   458
               +---------+---------+-------+---------+---------+-------+---------

Vault maps used:
D:1:      dpeg_arrival_erosion, serial_bayou_ford_a, minivault_11, st_stairs_4,
          hangedman_decor_clover_reticule
D:2:      gammafunk_temple_overflow_claw
